 Dungeon Crawl Stone Soup version 0.21.1-1-g345015f (webtiles) character file.

69 rgaf the Slasher (level 4, 0/28 HPs)
             Began as a Kobold Berserker on June 28, 2018.
             Was a Believer of Trog.
             Succumbed to a worker ant's poison
             ... on level 2 of the Dungeon.
             The game lasted 00:01:16 (1695 turns).

rgaf the Slasher (Kobold Berserker)                 Turns: 1695, Time: 00:01:16

Health: 0/28       AC:  8    Str: 15    XL:     4   Next: 42%
Magic:  4/4        EV: 14    Int:  8    God:    Trog [**....]
Gold:   20         SH:  0    Dex: 19    Spells: 3/3 levels left

rFire    . . .     SeeInvis .   a - +0 falchion
rCold    . . .     Gourm    .   (shield restricted)
rNeg     . . .     Faith    .   g - +0 chain mail
rPois    .         Spirit   .   n - +0 hat
rElec    .         Reflect  .   (no cloak)
rCorr    .         Harm     .   (no gloves)
MR       .....                  (no boots)
Stlth    ..........             (no amulet)
HPRegen  0.09/turn              (no ring)
MPRegen  0.09/turn              (no ring)

@: agile, lethally poisoned (0 -> -3), berserk cooldown, slowed, invisible, very
slow
A: small, carnivore
a: Berserk, Trog's Hand, Burn Spellbooks, Renounce Religion


You were on level 2 of the Dungeon.
You worshipped Trog.
Trog was pleased with you.
You were very full.

You visited 1 branch of the dungeon, and saw 2 of its levels.

You collected 20 gold pieces.

Inventory:

Hand Weapons
 a - a +0 falchion (weapon)
Armour
 b - a +0 animal skin
 g - a +0 chain mail (worn)
 n - a +0 hat (worn)
Jewellery
 d - an uncursed amulet of guardian spirit {unknown}
 k - an uncursed ring of ice {unknown}
 l - an uncursed ring of fire {unknown}
Scrolls
 e - 3 scrolls of teleportation {unknown}
 f - a scroll of noise {unknown}
 h - a scroll of remove curse {unknown}
 i - a scroll of amnesia {unknown}
 o - a scroll of fog {unknown}
Comestibles
 c - 4 rations


   Skills:
 - Level 3.2 Fighting
 + Level 4.1 Long Blades
 - Level 1.5 Armour
 - Level 2.4 Dodging


You had 3 spell levels left.
You didn't know any spells.

Dungeon Overview and Level Annotations

Branches:
Dungeon (2/15)

Altars:
Ru
Wu Jian


Innate Abilities, Weirdness & Mutations

You are small and have problems with some larger weapons.
You are carnivorous and can eat meat at any time.


Message History

You slash the worker ant!
You kill the worker ant!
Trog accepts your kill.
Your Long Blades skill increases to level 4!
You have reached level 4!
* * * LOW HITPOINT WARNING * * *
You feel sick.
You are too berserk!
Unknown command.
You feel a strong urge to attack something.
You are no longer berserk.
You are exhausted.
You feel yourself slow down.
* * * LOW HITPOINT WARNING * * *
You feel sick.
It was a potion of agility.
You feel agile all of a sudden.
It was a potion of invisibility.
You fade into invisibility!
You die...

#.....###
####.......#
#...##.#...# #
#...##.#...#.#
#..รท##.......#
#...####...###.
#...............
###......#####.# #..#
#..@...# #..#
#.###.## #..#.# #.#
#.#
.#..#.########.######
.#..#.#.#...........#
.#..#.#.#.####.####.#
#..#.#.#.#.......#
##..#<#.#.#.##.##.#
....#.#.#.#.#...#.#.


There were no monsters in sight!

Vanquished Creatures
  A worker ant (D:2)
  An adder (D:2)
  A worm (D:1)
  A dart slug (D:2)
  A leopard gecko (D:2)
  A ball python (D:1)
  A giant cockroach (D:2)
  2 goblins
  4 hobgoblins (D:1)
  4 jackals (D:2)
  4 frilled lizards
  2 kobolds (D:1)
  7 rats
30 creatures vanquished.

Notes
Turn   | Place    | Note
-------+----------+-------------------------------------------
     0 | D:1      | rgaf the Kobold Berserker began the quest for the Orb.
     0 | D:1      | Reached XP level 1. HP: 14/14 MP: 1/1
    88 | D:1      | Reached XP level 2. HP: 6/19 MP: 2/2
   508 | D:1      | Reached skill level 3 in Long Blades
  1272 | D:2      | Reached XP level 3. HP: 23/23 MP: 3/3
  1292 | D:2      | Found an ornate altar of the Wu Jian Council.
  1317 | D:2      | Reached ** piety under Trog
  1374 | D:2      | Found a sacrificial altar of Ru.
  1690 | D:2      | Reached skill level 4 in Long Blades
  1690 | D:2      | Reached XP level 4. HP: 4/28 MP: 4/4
  1693 | D:2      | HP: 1/28 [poisoned by a worker ant]
  1695 | D:2      | Succumbed to a worker ant's poison

Skill      XL: |  1  2  3 |
---------------+----------+-----
Long Blades    | 3 4 |  4.1
Fighting       | |  3.2
Armour         | |  1.5
Dodging        | |  2.4

Action                   |  1- 3 |  4- 6 || total
-------------------------+-------+-------++-------
Melee: Falchion          |   121 |       ||   121
Invok: Berserk           |     2 |       ||     2
  Use: Potion            |       |     2 ||     2
  Eat: Chunk             |    11 |       ||    11
Armor: Animal skin       |     2 |       ||     2
       Chain mail        |    51 |       ||    51
Dodge: Dodged            |    68 |       ||    68
       Rpst.: Falchion   |    27 |       ||    27
